Unix NetHack Version 3.7.0-86 Work-in-progress - last build May 30 2023 01:50:43 (cc98dc9aa62a9957b082a042edf5bd7ec9f632c7,branch:master). Game began 2023-06-14 19:15:46, ended 2023-06-23 19:32:59. Hekik, chaotic male human Rogue ------------ |..<.......+ |..........| # --------- |...........####|........+ ------------- ----+--|---- #|........| |...........f# # #|........| |...........|@ #.........+ |..........[|oo) #|.......`| |...........|# # ----.----- -------------# #### ############################ ######## ############### Hekik the Cutpurse St:13 Dx:18 Co:14 In:13 Wi:11 Ch:7 Chaotic S:1665 Dlvl:6 $:8 HP:0(38) Pw:20(20) AC:6 Xp:5/305 T:2846 Latest messages: You kill the Uruk-hai! The 3rd dagger named throwing hits it. Toivo the Cat eats an Uruk-hai corpse. You swap places with Toivo the Cat. There are several objects here. The Uruk-hai hits! The poisoned crude arrow hits the Uruk-hai. The poison doesn't seem to affect the Uruk-hai. The poisoned crude arrow misses the Uruk-hai. You are hit by a poisoned crude arrow. You feel weaker! You swap places with Toivo the Cat. It is missed. It is missed. The poisoned crude arrow hits Toivo the Cat. It is missed. It is hit. It is hit. The Uruk-hai swings his crude bow. The Uruk-hai hits! You swap places with Bill the Cat. Bill the Cat misses it. Bill the Cat bites it. Bill the Cat misses it. What do you want to zap? [g or ?*] In what direction? You kill the Uruk-hai! You kill it! You hear the rumble of distant thunder... The bolt of lightning hits it. Restoring save file... Hello Hekik, the human Rogue, welcome back to NetHack! There are several objects here. The Uruk-hai wields a dagger named throwing! You hit the Uruk-hai. You hit the Uruk-hai. You hit the Uruk-hai! The Uruk-hai thrusts his crude short sword. The Uruk-hai hits! You stop. Bill the Cat is in the way! The Uruk-hai drinks a black potion! The Uruk-hai looks completely healed. The Uruk-hai thrusts his crude short sword. The Uruk-hai hits! You die... Do you want your possessions identified? [ynq] (y) Do you want to see your attributes? [ynq] (y) Do you want an account of creatures vanquished? [ynaq] (y) Do you want to see your conduct and achievements? [ynq] (y) Do you want to see the dungeon overview? [ynq] (y) Inventory: Coins $ - 8 gold pieces Weapons b - a +0 dagger named wielding (weapon in hand) d - 6 +0 daggers named throwing j - 5 +0 daggers named throwing (at the ready) a - a +0 short sword (alternate weapon; not wielded) Armor o - an uncursed +0 orcish helm (being worn) m - a blessed +0 dwarvish cloak (being worn) k - a cursed -1 elven mithril-coat named cursed c - an uncursed +1 leather armor (being worn) Comestibles l - an uncursed slime mold Scrolls n - an uncursed scroll of teleportation Wands g - a wand of lightning (0:5) Tools f - an uncursed sack containing 6 items e - an uncursed lock pick Gems/Stones p - an uncursed worthless piece of violet glass Contents of the sack: 177 gold pieces 2 uncursed scrolls of identify an uncursed spellbook of extra healing an uncursed potion of see invisible an uncursed potion of sickness an uncursed potion of sleeping Hekik the Rogue's attributes: Background: You were a Cutpurse, a level 5 male human Rogue. You were chaotic, nominally on a mission for Kos who was opposed by Issek (lawful) and Mog (neutral). You were in the Dungeons of Doom, on level 6. You entered the dungeon 2846 turns ago. You had 305 experience points, 15 more were needed to attain level 6. Your score was 1665 before end-of-game adjustments. Basics: You had 0 out of 38 hit points. You had all 20 energy points (spell power). Your armor class was 6. Your wallet contained 8 zorkmids, and you had 177 more stashed away in your pack. Autopickup was off. Final Characteristics: Your strength was 13 (peak:14, limit:18/100). Your dexterity was 18 (limit:18). Your constitution was 14 (limit:18). Your intelligence was 13 (limit:18). Your wisdom was 11 (limit:18). Your charisma was 7 (limit:18). Final Status: You were not hungry. You were unencumbered. You were wielding a dagger. You were skilled in dagger. Final Attributes: You were fervently aligned. You were stealthy. You were warded. You were unlucky. You are dead. Miscellaneous: You never encountered a bones level. Total elapsed playing time was 2 hours, 34 minutes and 15 seconds. Major events: Turn 1: Hekik the chaotic male human Rogue entered the dungeon 1124: attained the rank of Cutpurse (level 3) 1625: entered the Gnomish Mines 2846: killed by an Uruk-hai Vanquished creatures: 4 leprechauns a housecat 3 Uruk-hai a pony a shrieker a kobold mummy a homunculus a kobold leader 2 hill orcs a giant bat an orc zombie an acid blob a gas spore a hobbit a giant rat 2 cave spiders 2 green molds 2 red molds 2 gnomes a garter snake 2 geckos 5 jackals 2 foxes a goblin 3 lichens 7 newts 50 creatures vanquished. No species were genocided or became extinct. Voluntary challenges: You were an atheist. You read items or engraved 2 times. You engraved Elbereth 2 times. You never genocided any monsters. You never polymorphed an object. You never changed form. You used no wishes. Achievements: You attained the rank of Cutpurse. You entered the Gnomish Mines. The Dungeons of Doom: levels 1 to 6 Level 1: Many fountains. Level 2: A grave. Level 3: Level 4: Stairs down to The Gnomish Mines. Level 5: A grave. Level 6: <- You were here. Final resting place for you, killed by an Uruk-hai. The Gnomish Mines: Level 5: Game over: ---------- / \ / REST \ / IN \ / PEACE \ / \ | Hekik | | 185 Au | | killed by an | | Uruk-hai | | | | | | 2023 | *| * * * | * _________)/\\_//(\/(/\)/\//\/|_)_______ Goodbye Hekik the Rogue... You died in The Dungeons of Doom on dungeon level 6 with 1647 points, and 185 pieces of gold, after 2846 moves. You were level 5 with a maximum of 38 hit points when you died.